 Dungeon Crawl Stone Soup version 0.22-a0-410-g97be04f (webtiles) character file.

351 Serpenta the Slicer (level 6, 0/37 HPs)
             Began as a Kobold Chaos Knight on May 11, 2018.
             Splashed by an acid dragon's acid (14 damage)
             ... on level 4 of the Dungeon.
             The game lasted 00:08:12 (3975 turns).

Serpenta the Slicer (Kobold Chaos Knight)           Turns: 3975, Time: 00:08:13

Health: 0/37       AC:  3    Str: 10    XL:     6   Next: 93%
Magic:  6/6        EV: 16    Int: 13    God:    Xom [..*...]
Gold:   205        SH:  0    Dex: 16    Spells: 5/5 levels left

rFire    . . .     SeeInvis .   s - +0 whip (elec)
rCold    . . .     Gourm    .   (shield restricted)
rNeg     . . .     Faith    .   b - +2 leather armour
rPois    .         Spirit   .   (no helmet)
rElec    .         Reflect  .   (no cloak)
rCorr    .         Harm     .   (no gloves)
MR       .....                  (no boots)
Stlth    +.........             (no amulet)
HPRegen  0.12/turn              j - +2 ring of protection
MPRegen  0.10/turn              (no ring)

@: corroded
A: small, carnivore
a: Renounce Religion


You were on level 4 of the Dungeon.
You worshipped Xom.
You were a toy of Xom.
You were completely stuffed.

You visited 1 branch of the dungeon, and saw 4 of its levels.

You collected 205 gold pieces.


Innate Abilities, Weirdness & Mutations

You are small and have problems with some larger weapons.
You are carnivorous and can eat meat at any time.


   Skills:
 - Level 3.2 Fighting
 - Level 9.0 Short Blades
 - Level 0.7 Armour
 + Level 3.7 Dodging


You had 5 spell levels left.
You didn't know any spells.

Action                   |  1- 3 |  4- 6 || total
-------------------------+-------+-------++-------
Melee: Short sword       |   109 |   194 ||   303
       Whip              |       |    48 ||    48
Evoke: Wand              |       |     6 ||     6
  Use: Scroll            |       |    11 ||    11
 Stab: Confused          |     2 |     3 ||     5
       Sleeping          |     1 |     1 ||     2
       Distracted        |       |     2 ||     2
  Eat: Chunk             |     9 |     9 ||    18
Armor: Leather armour    |    27 |    56 ||    83
Dodge: Dodged            |    62 |   132 ||   194

Inventory:

Hand Weapons
 a - a +0 short sword of chaos
 s - a +0 whip of electrocution (weapon)
Armour
 b - a +2 leather armour (worn)
Jewellery
 j - a +2 ring of protection (left hand)
 p - an uncursed ring of fire
Wands
 t - a wand of polymorph (12)
Scrolls
 f - a scroll of remove curse
 g - a scroll of random uselessness {unknown}
 h - a scroll of teleportation
 q - a scroll of identify
 r - a scroll of enchant weapon {unknown}
 v - a scroll of magic mapping {unknown}
Potions
 d - a potion of agility
 e - a potion of mutation
 i - 2 potions of invisibility
 k - a potion of heal wounds
 l - a potion of might
 m - 4 potions of curing
 n - a potion of flight
 u - a potion of magic
Comestibles
 c - 8 rations

....#.##############.#.#....#
....#.# #.#.#.####
....#.########### #.#.#.#
....#...........####.#.#.#
....#................#.#.#
...###..........######.#.#
................+......#.##
...###..........#####.##..##
...# #..........@###...##..#
#### ###########D##.....##.#
#)#.......#.# #....._.....#
###.......### #### ##.....##
.....##########...##
............####.##
.........oo.o.......#


You could see an acid dragon.

Vanquished Creatures
  A scorpion (D:4)
  A gnoll shaman (D:4)
  Terence (D:3)
  Jessica (D:3)
  An orc wizard (D:4)
  3 adders
  9 gnolls
  An ooze (D:1)
  5 dart slugs
  2 leopard geckos
  5 orcs (D:4)
  6 giant cockroaches
  9 goblins
  10 hobgoblins
  2 jackals (D:2)
  8 kobolds
  2 quokkas
  8 bats
  5 frilled lizards
  A leopard gecko skeleton (D:4)
  6 rats
87 creatures vanquished.

Vault maps used:
D:1:      matt_arrival_spirals, minmay_crystal_room, minmay_misc_feat_columns
D:3:      overflow_temple_1_default, uniq_terence, uniq_jessica
D:4:      kennysheep_little_box, lemuel_round_altar, makhleb_altar_promises_db


Message History

Evoke which item? (* to show all) (? for menu, Esc to quit)
Aiming: Polymorph
Press: ? - help, Shift-Dir - straight line, f/p - ogre
Aim: an ogre, wielding a giant club (chance to defeat MR: 46%)
The ogre resists with some effort.
The ogre hits you with a giant club!
Evoke which item? (* to show all) (? for menu, Esc to quit)
Aiming: Polymorph
Press: ? - help, Shift-Dir - straight line, f/p - ogre
Aim: an ogre, wielding a giant club (chance to defeat MR: 46%)
The ogre resists with some effort.
Evoke which item? (* to show all) (? for menu, Esc to quit)
Aiming: Polymorph
Press: ? - help, Shift-Dir - straight line, f/p - ogre
Aim: an ogre, wielding a giant club (chance to defeat MR: 46%)
The ogre evaporates and reforms as an acid dragon!
The acid dragon spits acid at you. The splash of acid hits you!
The acid corrodes you!
You are splashed with acid!
The acid burns!
You die...
Xom giggles madly!

Notes
Turn   | Place    | Note
-------+----------+-------------------------------------------
     0 | D:1      | Serpenta the Kobold Chaos Knight began the quest for the Orb.
     0 | D:1      | Reached XP level 1. HP: 14/14 MP: 1/1
   213 | D:1      | Reached XP level 2. HP: 19/19 MP: 2/2
   236 | D:1      | XOM: harmless Chrm miscast
   264 | D:1      | XOM: noise
   339 | D:1      | Reached skill level 5 in Short Blades
   528 | D:1      | Reached XP level 3. HP: 23/23 MP: 3/3
   646 | D:1      | XOM: harmless Ice miscast
  1112 | D:2      | Reached skill level 6 in Short Blades
  1114 | D:2      | XOM: blink monster(s)
  1127 | D:2      | Reached XP level 4. HP: 17/28 MP: 4/4
  1191 | D:2      | XOM: summons 2 hostile demons
  1765 | D:3      | XOM: enchant monster (bad)
  2132 | D:3      | Noticed Terence
  2145 | D:3      | Killed Terence
  2145 | D:3      | Reached skill level 7 in Short Blades
  2145 | D:3      | Reached XP level 5. HP: 31/32 MP: 5/5
  2221 | D:3      | XOM: 1-stop teleportation journey
  2274 | D:3      | XOM: harmless Conj miscast
  2313 | D:3      | Found a sacrificial altar of Ru.
  2430 | D:3      | Noticed Jessica
  2438 | D:3      | Killed Jessica
  2442 | D:3      | XOM: medium Tloc miscast
  2447 | D:3      | XOM: enchant monster (bad)
  2473 | D:2      | XOM: potion effect (agility)
  2491 | D:2      | Reached skill level 8 in Short Blades
  2736 | D:2      | XOM: cloud trail
  2810 | D:3      | Reached XP level 6. HP: 24/37 MP: 6/6
  3201 | D:4      | XOM: summons 5 friendly demons
  3354 | D:4      | Reached skill level 9 in Short Blades
  3588 | D:4      | Found a hazy altar of Hepliaklqana.
  3653 | D:4      | Found a shimmering altar of Xom.
  3660 | D:4      | XOM: 3-stop teleportation journey
  3712 | D:4      | XOM: mild Conj miscast
  3876 | D:4      | XOM: divination: detect items
  3971 | D:4      | Noticed an ogre
  3975 | D:4      | Noticed an acid dragon
  3975 | D:4      | an ogre changed into an acid dragon
  3975 | D:4      | Splashed by an acid dragon's acid
